 Dungeon Sprint DCSS version 0.20-a0-61-ga1b20b4 (webtiles) character file.

9984 useraccount the Fencer (level 11, -1/95 HPs)
             Began as a Formicid Fighter on Nov 18, 2016.
             Was a Follower of Uskayaw.
             Slain by an ettin
             ... wielding a cursed +0 dire flail
              (19 damage)
             ... in the Dungeon (Sprint IX: "|||||||||||||||||||||||||||||").
             The game lasted 00:03:38 (1760 turns).

useraccount the Fencer (Formicid Fighter)           Turns: 1760, Time: 00:03:39

Health: -1/95      AC: 15    Str: 25    XL:     11   Next: 84%
Magic:  19/19      EV: 19    Int:  7    God:    Uskayaw [*.....]
Gold:   24         SH: 13    Dex: 10    Spells: 0 memorised, 10 levels left

rFire  . . .     SeeInvis +     a - +2 scimitar (flame)
rCold  . . .     Gourm    .     m - +2 ring mail
rNeg   . . .     Faith    +     c - +0 shield
rPois  .         Spirit   .     (helmet unavailable)
rElec  .         Reflect  .     B - +1 cloak {+Inv}
rCorr  .         Harm     .     x - +0 pair of gloves
MR     +....                    y - +0 pair of boots
Stlth  ..........               q - amulet of faith
                                o - +2 ring of evasion
                                n - +2 ring of evasion

@: no status effects
A: permanent stasis, dig shafts and tunnels, four strong arms, antennae 3
a: Dig, Stomp, Renounce Religion, Evoke Invisibility


You were in the Dungeon.
You worshipped Uskayaw.
Uskayaw was aware of your devotion.
You were not hungry.

You visited 1 branch You collected 24 gold pieces.

Inventory:

Hand Weapons
 a - a +2 scimitar of flaming (weapon)
Armour
 c - a +0 shield (worn)
 m - a +2 ring mail (worn)
 x - a +0 pair of gloves (worn)
 y - a +0 pair of boots (worn)
 B - a +1 cloak of invisibility (worn)
Jewellery
 n - a +2 ring of evasion (left hand)
 o - a +2 ring of evasion (right hand)
 q - an amulet of faith (around neck)
Wands
 l - a wand of iceblast (7/15)
Scrolls
 j - 4 scrolls of remove curse
 k - 2 scrolls of amnesia
 r - 4 scrolls of enchant armour
 s - a scroll of fog
 t - a scroll of fear
Potions
 b - a potion of resistance
 d - a potion of might
 e - 6 potions of curing
 g - a potion of invisibility
 h - 4 potions of heal wounds
 i - 4 potions of magic
 p - a potion of cure mutation
 A - a potion of flight {unknown}
Comestibles
 f - 13 bread rations
 u - 40 fruits
 v - 12 meat rations
 z - 12 chunks of flesh


   Skills:
 + Level 12.3 Fighting
 * Level 15.0 Long Blades
 + Level 12.2 Armour
 + Level 10.1 Dodging
 + Level 13.2 Shields
 + Level 11.5 Invocations


You had 10 spell levels left.
You didn't know any spells.

Dungeon Overview and Level Annotations

Branches:
Dungeon (1/1)

Altars:
Cheibriados
Dithmenos
Elyvilon
Fedhas
Gozag
Hepliaklqana
Kikubaaqudgha
Makhleb
Nemelex Xobeh
Okawaru
Qazlal
Ru
Sif Muna
Trog
Uskayaw
Vehumet
Xom
Yredelemnul
Zin
The Shining One
Beogh
Jiyva
Lugonu


Innate Abilities, Weirdness & Mutations

You are under a permanent stasis effect.
You can dig through walls and to a lower floor.
Your four strong arms can wield two-handed weapons with a shield.
You have a pair of large antennae on your head. (SInv)


Message History

This raw flesh tastes terrible.
You sense a monster nearby.
As you open the door, it creaks loudly! 3 orcs, 2 orc priests and an ettin come into view.
The orc shouts! x2; The orc priest shouts!
The orc shouts!
Found 300 gold pieces.
You hit the ettin but do no damage. The ettin hits you with a dire flail!!!
The ettin hits you with a dire flail!!
* * * LOW HITPOINT WARNING * * *
You are too injured to fight recklessly!
You are too injured to fight recklessly!
You are too injured to fight recklessly!
You hit the ettin but do no damage. The ettin hits you but does no damage.
You block the ettin's attack.
You hit the ettin. You burn the ettin.
The ettin is lightly wounded.
You hit the ettin but do no damage.
The ettin is lightly wounded.
The ettin hits you with a dire flail!!
You die...

{ { ▓▓▓▓▓▓▓▓▓▓▓▓▓▓▓▓▓▓▓▓▓ {
{{{{{{{$oooooC@............▓
▓▓▓▓▓▓▓▓▓▓▓▓▓▓▓▓▓▓▓▓▓▓▓▓▓▓▓▓.▓
..............[..............▓
▓▓▓▓▓▓▓▓▓▓▓▓▓▓▓▓▓▓▓▓▓▓▓▓▓▓▓▓▓▓
....÷†.†.....?.?...!.'.......▓
▓▓▓▓▓▓▓▓▓▓▓▓▓▓▓▓▓▓▓▓▓▓▓▓▓▓▓▓.▓
.............................▓
▓▓▓▓▓▓▓▓▓▓▓▓▓▓▓▓▓▓▓▓▓▓▓▓▓▓▓▓▓▓
____________'?....'.....)...<▓


You could see an ettin, 2 orc priests and 3 orcs.

Vanquished Creatures
  Erolcha (D)
  A catoblepas (D)
  4 death yaks (D)
  2 hill giants (D)
  A deep elf mage (D)
  Maurice (D)
  Joseph (D)
  5 spiny frogs (D)
  A rime drake (D)
  A two-headed ogre (D)
  A slime creature (D)
  A dream sheep (D)
  3 hippogriffs (D)
  6 yaks (D)
  2 water moccasins (D)
  A sky beast (D)
  An ice beast (D)
  A wolf (D)
  4 bullfrogs (D)
  A killer bee (D)
  A hound (D)
  A worker ant (D)
  An adder zombie (D)
  An adder skeleton (D)
  A bat (D)
  A bat zombie (D)
  2 goblins (D)
  A hobgoblin (D)
  A quokka (D)
  A frilled lizard (D)
  A giant cockroach zombie (D)
51 creatures vanquished.

Notes
Turn   | Place    | Note
-------+----------+-------------------------------------------
     0 | D        | useraccount the Formicid Fighter began the quest for the Orb.
     0 | D        | Reached XP level 1. HP: 18/18 MP: 1/1
    27 | D        | Reached skill level 3 in Long Blades
    27 | D        | Reached XP level 2. HP: 19/25 MP: 2/2
    99 | D        | Noticed a sky beast
    99 | D        | Noticed an ice beast
   102 | D        | Reached skill level 1 in Dodging
   117 | D        | Killed an ice beast
   117 | D        | Reached skill level 5 in Fighting
   117 | D        | Reached skill level 5 in Long Blades
   117 | D        | Reached skill level 5 in Armour
   117 | D        | Reached skill level 5 in Shields
   117 | D        | Reached XP level 3. HP: 33/33 MP: 3/3
   117 | D        | Reached XP level 4. HP: 39/39 MP: 4/4
   117 | D        | Reached XP level 5. HP: 44/44 MP: 5/5
   146 | D        | Reached skill level 6 in Long Blades
   155 | D        | Killed a sky beast
   155 | D        | Reached skill level 7 in Long Blades
   155 | D        | Reached XP level 6. HP: 10/53 MP: 6/6
   413 | D        | Found a roughly hewn altar of Beogh.
   413 | D        | Found a snail-covered altar of Cheibriados.
   413 | D        | Found a shadowy altar of Dithmenos.
   413 | D        | Found a white marble altar of Elyvilon.
   413 | D        | Found a blossoming altar of Fedhas.
   413 | D        | Found an opulent altar of Gozag.
   414 | D        | Found a hazy altar of Hepliaklqana.
   415 | D        | Found a viscous altar of Jiyva.
   416 | D        | Found an ancient bone altar of Kikubaaqudgha.
   417 | D        | Found a corrupted altar of Lugonu.
   418 | D        | Found a burning altar of Makhleb.
   419 | D        | Found a sparkling altar of Nemelex Xobeh.
   420 | D        | Found an iron altar of Okawaru.
   421 | D        | Found a stormy altar of Qazlal.
   422 | D        | Found a sacrificial altar of Ru.
   423 | D        | Found a deep blue altar of Sif Muna.
   424 | D        | Found a bloodstained altar of Trog.
   425 | D        | Found a hide-covered altar of Uskayaw.
   426 | D        | Found a radiant altar of Vehumet.
   427 | D        | Found a shimmering altar of Xom.
   428 | D        | Found a basalt altar of Yredelemnul.
   429 | D        | Found a glowing silver altar of Zin.
   430 | D        | Found a glowing golden altar of the Shining One.
   433 | D        | Became a worshipper of Uskayaw the Reveler
   477 | D        | Noticed a hill giant
   477 | D        | Noticed a two-headed ogre
   481 | D        | Reached * piety under Uskayaw
   482 | D        | Reached ** piety under Uskayaw
   483 | D        | Killed a two-headed ogre
   483 | D        | Reached skill level 8 in Long Blades
   483 | D        | Reached skill level 5 in Dodging
   483 | D        | Reached XP level 7. HP: 60/60 MP: 6/9
   487 | D        | Reached *** piety under Uskayaw
   488 | D        | Reached **** piety under Uskayaw
   491 | D        | Killed a hill giant
   491 | D        | Reached skill level 9 in Long Blades
   491 | D        | Reached skill level 5 in Invocations
   491 | D        | Reached XP level 8. HP: 34/68 MP: 6/11
   496 | D        | Reached ***** piety under Uskayaw
   662 | D        | Noticed a yak
   662 | D        | Noticed a hill giant
   662 | D        | Noticed a slime creature
   662 | D        | Noticed a deep elf mage
   662 | D        | Noticed a hippogriff
   670 | D        | Killed a hippogriff
   670 | D        | Reached skill level 10 in Long Blades
   676 | D        | Killed a yak
   677 | D        | Killed a slime creature
   677 | D        | Reached XP level 9. HP: 63/75 MP: 13/13
   681 | D        | Killed a hill giant
   681 | D        | Reached skill level 11 in Long Blades
   681 | D        | Reached skill level 10 in Shields
   692 | D        | Killed a deep elf mage
   936 | D        | Noticed a spiny frog
   936 | D        | Noticed a hippogriff
   938 | D        | Noticed a spiny frog
   945 | D        | Noticed a hippogriff
   945 | D        | Killed a spiny frog
   945 | D        | Reached skill level 10 in Fighting
   945 | D        | Reached skill level 12 in Long Blades
   945 | D        | Reached skill level 10 in Armour
   945 | D        | Reached XP level 10. HP: 75/85 MP: 14/16
   947 | D        | Killed a spiny frog
   952 | D        | Reached ****** piety under Uskayaw
  1031 | D        | Noticed a rime drake
  1031 | D        | Noticed a spiny frog
  1031 | D        | Noticed a spiny frog
  1031 | D        | Noticed a spiny frog
  1032 | D        | Killed a spiny frog
  1040 | D        | Killed a spiny frog
  1040 | D        | Reached skill level 13 in Long Blades
  1046 | D        | Killed a spiny frog
  1052 | D        | Killed a rime drake
  1060 | D        | Noticed a death yak
  1078 | D        | Killed a death yak
  1078 | D        | Reached skill level 10 in Invocations
  1078 | D        | Reached XP level 11. HP: 60/93 MP: 18/18
  1216 | D        | Noticed a death yak
  1216 | D        | Noticed a death yak
  1216 | D        | Noticed a catoblepas
  1220 | D        | Noticed a death yak
  1226 | D        | Killed a catoblepas
  1235 | D        | Killed a death yak
  1235 | D        | Reached skill level 14 in Long Blades
  1243 | D        | Killed a death yak
  1248 | D        | Killed a death yak
  1661 | D        | Noticed Joseph
  1666 | D        | Noticed Erolcha
  1671 | D        | Killed Joseph
  1680 | D        | Killed Erolcha
  1680 | D        | Reached skill level 10 in Dodging
  1699 | D        | Noticed Maurice
  1710 | D        | Killed Maurice
  1710 | D        | Reached skill level 15 in Long Blades
  1756 | D        | Noticed an ettin
  1760 | D        | Slain by an ettin

Vault maps used:
D:        linesprint

Skill      XL: |  1  2  3  4  5  6  7  8  9 10 11 |
---------------+----------------------------------+-----
Long Blades    | 3 5 7 8 9 10 12 13 15 | 15.0
Shields        | 4 5 6 7 8 9 10 12 13 | 13.2
Dodging        | 2 4 5 6 7 9 10 | 10.1
Fighting       | 5 6 7 8 10 11 12 | 12.3
Armour         | 5 6 7 8 10 11 12 | 12.2
Invocations    | 3 5 6 8 10 11 | 11.5

Action                   |  1- 3 |  4- 6 |  7- 9 | 10-12 || total
-------------------------+-------+-------+-------+-------++-------
Melee: Long sword        |    41 |    38 |       |       ||    79
       Scimitar          |       |     6 |    45 |   114 ||   165
Invok: Stomp             |       |       |       |     1 ||     1
       Line Pass         |       |       |       |     1 ||     1
  Use: Potion            |     1 |       |       |       ||     1
 Stab: Paralysed         |       |       |     7 |     9 ||    16
  Eat: Chunk             |       |       |       |     4 ||     4
Armor: Scale mail        |    15 |     9 |       |       ||    24
       Ring mail         |       |       |     5 |     6 ||    11
Dodge: Dodged            |    11 |    14 |    15 |    31 ||    71
Block: Shield            |    15 |    24 |    24 |    35 ||    98
       Rpst.: Long sword |     5 |     2 |       |       ||     7
       Scimitar          |       |       |     4 |    10 ||    14
